 Dungeon Crawl Stone Soup version 0.18-a0-1805-g8ab820f (webtiles) character file.

2239 warlockg3 the Ducker (level 9, -2/85 HPs)
             Began as a Troll Fighter on Apr 25, 2016.
             Was an Initiate of Makhleb.
             Slain by warlockg3's ghost (20 damage)
             ... on level 7 of the Dungeon.
             The game lasted 00:19:33 (5845 turns).

warlockg3 the Ducker (Troll Fighter)                Turns: 5845, Time: 00:19:34

Health: -2/85      AC:  5    Str: 28 (29) XL:     9   Next: 14%
Magic:  8/8        EV: 10    Int:  3 (4)  God:    Makhleb [......]
Gold:   405        SH: 10    Dex:  9      Spells: 0 memorised, 8 levels left

rFire  . . .     SeeInvis .       - Unarmed
rCold  . . .     Gourm    +     a - +0 robe
rNeg   . . .     Faith    .     b - +0 shield
rPois  .         Spirit   .     (helmet restricted)
rElec  .         Dismiss  .     (no cloak)
rCorr  .         Reflect  .     (gloves unavailable)
SustAt +         Harm     .     (boots unavailable)
MR     .....                    (no amulet)
Stlth  +.........               (no ring)
                                k - ring of sustain attributes

@: not resistant to hostile enchantments, very unstealthy
A: unfitting armour, claws 3, fast metabolism 3, gourmand, regeneration 2,
shaggy fur 1, tough skin 2
a: Renounce Religion


You were on level 7 of the Dungeon.
You worshipped Makhleb.
Makhleb was noncommittal.
You were hungry.

You visited 2 branches of the dungeon, and saw 8 of its levels.
You also visited: Sewer.

You collected 405 gold pieces.

Inventory:

Armour
 a - a +0 robe (worn)
 b - a +0 shield (worn)
 p - a +0 animal skin
Jewellery
 f - a +2 ring of protection {unknown}
 k - a ring of sustain attributes (left claw)
Scrolls
 c - 3 scrolls of amnesia {unknown}
 e - 2 scrolls of random uselessness {unknown}
 g - 3 scrolls of teleportation {unknown}
 i - a scroll of torment {unknown}
 j - 6 scrolls of identify {unknown}
 l - a scroll of blinking {unknown}
 s - a scroll of magic mapping {unknown}
 v - 2 scrolls of fear {unknown}
 w - a scroll of immolation {unknown}
 y - 3 scrolls of recharging {unknown}
 D - a scroll of enchant armour {unknown}
 E - a scroll of enchant weapon {unknown}
 H - a scroll of remove curse {unknown}
 I - a scroll of acquirement {unknown}
 J - a scroll of summoning {unknown}
 K - a scroll of fog {unknown}
Potions
 h - 4 potions of berserk rage {unknown}
 o - 3 potions of curing {unknown}
 q - a potion of cancellation {unknown}
 r - a potion of haste {unknown}
 t - a potion of heal wounds {unknown}
 x - a potion of might
 z - a potion of ambrosia {unknown}
 B - 2 potions of brilliance {unknown}
 C - a potion of flight
 F - a potion of agility {unknown}
 G - a potion of magic {unknown}
Comestibles
 n - a royal jelly
 u - a slice of pizza
 A - 2 bread rations


   Skills:
 + Level 4.7 Fighting
 + Level 6.9 Dodging
 + Level 0.3 Stealth
 + Level 5.5 Shields
 + Level 5.6 Unarmed Combat


You had 8 spell levels left.
You didn't know any spells.

Dungeon Overview and Level Annotations

Branches:
Dungeon (7/15)             Temple (1/1) D:6

Altars:
Ashenzari
Cheibriados
Dithmenos
Elyvilon
Fedhas
Gozag
Kikubaaqudgha
Makhleb
Nemelex Xobeh
Okawaru
Pakellas
Ru
Sif Muna
Trog
Xom
Yredelemnul
Zin
The Shining One

Shops:
D:5 ?

Annotations:
D:7 warlockg3's ghost, novice TrFi


Innate Abilities, Weirdness & Mutations

You are too large for most types of armour.
You have claws for hands.
Your metabolism is lightning-fast.
You like to eat raw meat.
You heal very quickly.
You are covered in fur (AC +1).
You have very tough skin (AC +2).


Message History

You mangle warlockg3's ghost!!
Warlockg3's ghost is moderately damaged.
The electric eel shoots out a bolt of lightning at you!
The bolt of electricity hits you! x2
The bolt of electricity hits the electric eel.
The electric eel completely resists.
You block warlockg3's ghost's attack.
The electric eel shoots out a bolt of lightning at you!
The bolt of electricity hits you!
* * * LOW HITPOINT WARNING * * *
Drink which item? (? for menu, Esc to quit)
It was a potion of degeneration.
There was something very wrong with that liquid.
You feel somewhat weakened.
You feel somewhat dopey.
You feel clumsy for a moment.
The electric eel shoots out a bolt of lightning at you!
The bolt of electricity misses you. The bolt of electricity hits you!
* * * LOW HITPOINT WARNING * * *
The bolt of electricity hits the electric eel.
The electric eel completely resists.
Warlockg3's ghost hits you!!
You die...

###................(.............
#.......####.##.###.####.######
#.......# #.##.# #.# #.#
#####)### #.##.# #.# #.# #.#
#.##.# #.# #.#
#######.######.##.# #.# #.#
.....##.....(..#..# #.####.#
####.###########'####......######
#.# #≈;@≈≈#######....... #.#
#≈≈W.≈≈≈# ########
#.########≈≈;.≈≈≈#
#........#≈≈≈_≈≈≈#
##########≈≈≈≈≈≈≈# #≈≈≈≈≈≈≈#
##≈≈≈≈≈## #######


You could see 2 electric eels and warlockg3's ghost.

Vanquished Creatures
  Eustachio (D:5)
  Menkaure (D:6)
  A phantom (D:6)
  A sky beast (D:5)
  An ice beast (D:5)
  2 ogres
  2 centaurs
  5 giant frogs
  3 scorpions
  An electric eel (D:6)
  3 howler monkeys
  A crimson imp (D:5)
  A centaur skeleton (D:6)
  An orc priest (D:3)
  3 hounds
  A centaur zombie (D:4)
  An iguana (D:5)
  Jessica (D:3)
  Ijyb (D:3)
  An orc wizard (D:3)
  4 worker ants
  Robin (D:3)
  7 gnolls
  7 adders
  3 shadow imps
  4 oozes (Sewer)
  An adder skeleton (D:4)
  An adder zombie (D:7)
  6 worms
  A dart slug (D:3)
  5 giant geckos
  12 orcs
  9 bats
  8 giant cockroaches
  2 gnoll zombies (D:6)
  22 goblins
  5 hobgoblins
  22 jackals
  7 kobolds
  3 quokkas
  A ball python (Sewer)
  A giant gecko skeleton (D:5)
  4 giant newts
  A quokka zombie (D:5)
  2 rats
171 creatures vanquished.

Notes
Turn   | Place    | Note
--------------------------------------------------------------
     0 | D:1      | warlockg3 the Troll Fighter began the quest for the Orb.
     0 | D:1      | Reached XP level 1. HP: 22/22 MP: 0/0
   154 | D:1      | Reached XP level 2. HP: 26/29 MP: 1/1
   439 | D:2      | Reached XP level 3. HP: 36/36 MP: 2/2
   479 | D:2      | Found a deep blue altar of Sif Muna.
   482 | D:2      | Found a snail-covered altar of Cheibriados.
   485 | D:2      | Found a glowing golden altar of the Shining One.
   943 | D:3      | Noticed Ijyb
   970 | D:3      | Killed Ijyb
   970 | D:3      | Reached XP level 4. HP: 22/44 MP: 3/3
   977 | D:3      | Reached skill level 3 in Dodging
  1043 | D:3      | Noticed Robin
  1090 | D:3      | Killed Robin
  1153 | D:3      | Found a shattered altar of Ashenzari.
  1159 | D:3      | Found a blossoming altar of Fedhas.
  1453 | D:3      | Found a sacrificial altar of Ru.
  1467 | D:3      | Reached XP level 5. HP: 52/53 MP: 4/4
  1522 | D:3      | Noticed Jessica
  1535 | D:3      | Killed Jessica
  1690 | D:3      | Noticed a centaur
  1698 | D:3      | Killed a centaur
  1698 | D:3      | Reached XP level 6. HP: 41/61 MP: 5/5
  2004 | D:4      | Reached skill level 4 in Dodging
  2105 | D:4      | Found a glowing drain.
  2163 | Sewer    | Entered a sewer
  3124 | D:4      | Reached XP level 7. HP: 67/67 MP: 6/6
  3715 | D:5      | Entered Level 5 of the Dungeon
  3767 | D:5      | Reached skill level 5 in Dodging
  3778 | D:5      | Found Sauwnumeh's Magic Scroll Shoppe.
  3891 | D:5      | Found a white marble altar of Elyvilon.
  3972 | D:5      | Reached XP level 8. HP: 75/78 MP: 7/7
  4153 | D:5      | Noticed Eustachio
  4206 | D:5      | Killed Eustachio
  4308 | D:5      | Reached skill level 6 in Dodging
  4308 | D:5      | Reached skill level 5 in Shields
  4489 | D:6      | Found a basalt altar of Yredelemnul.
  4535 | D:6      | Found a sacrificial altar of Ru.
  4713 | D:6      | Found a staircase to the Ecumenical Temple.
  4714 | D:6      | Found a sparkling altar of Nemelex Xobeh.
  4726 | D:6      | Noticed Menkaure
  4739 | D:6      | Reached skill level 5 in Unarmed Combat
  4747 | D:6      | Killed Menkaure
  4792 | Temple   | Entered the Ecumenical Temple
  4995 | Temple   | Became a worshipper of Makhleb the Destroyer
  5285 | D:7      | Reached XP level 9. HP: 81/85 MP: 8/8
  5837 | D:7      | Found a bloodstained altar of Trog.
  5839 | D:7      | Noticed warlockg3's ghost (novice TrFi)
  5845 | D:7      | Slain by warlockg3's ghost

Vault maps used:
D:1:      dpeg_arrival_windows_large_door
D:2:      grunt_temple_overflow_diamond
D:3:      grunt_temple_overflow_open, nicolae_ru_great_annihilating_truth,
          uniq_robin, uniq_jessica, uniq_iyjb
D:4:      portal_sewer_entry_e, minivault_14
D:5:      elyvilon_altar_3, serial_shops, kennysheep_little_box, first_bread,
          uniq_eustachio
D:6:      nicolae_overflow_crystal_walls, nemelex_xobeh_ov_fountains_minmay,
          lemuel_zombie_altar_yredelemnul, minmay_temple_entry_mist,
          nicolae_lava_and_water, grunt_decor_clamped, uniq_menkaure
D:7:      lightli_temple_of_fire, minmay_misc_feat_cross, kennysheep_flooded_box
Temple:   minmay_temple_bridge_a_8
Sewer:    sewer_fruit_machine

Skill      XL: |  1  2  3  4  5  6  7  8 |
---------------+-------------------------+-----
Shields        | 3 4 5 |  5.5
Dodging        | 3 4 5 6 |  6.9
Fighting       | 3 4 |  4.7
Unarmed Combat | 3 4 5 |  5.6
Stealth        | |  0.3

Action                   |  1- 3 |  4- 6 |  7- 9 || total
-------------------------+-------+-------+-------++-------
Melee: Unarmed           |    86 |   225 |   289 ||   600
  Use: Potion            |       |     6 |     1 ||     7
  Eat: Bread ration      |     1 |     3 |       ||     4
       Meat ration       |     1 |       |     3 ||     4
       Chunk             |       |     6 |     2 ||     8
       Fruit             |       |       |     5 ||     5
       Beef jerky        |       |       |     2 ||     2
Armor: Robe              |    22 |    96 |    86 ||   204
Dodge: Dodged            |    26 |   112 |   135 ||   273
Block: Shield            |    43 |   137 |   183 ||   363
